 Dungeon Crawl Stone Soup version 0.21-a0-630-g344d351 (webtiles) character file.

2146 Firecrotchwizard the Cleaver (level 9, -7/81 HPs)
             Began as a Deep Dwarf Gladiator on Dec 26, 2017.
             Mangled by a cyan ugly thing (11 damage)
             ... on level 7 of the Dungeon.
             The game lasted 00:10:01 (4918 turns).

Firecrotchwizard the Cleaver (Deep Dwarf Gladiator) Turns: 4918, Time: 00:10:02

Health: -7/81      AC: 14    Str: 19    XL:     9   Next: 9%
Magic:  7/7        EV: 11    Int:  8    God:
Gold:   349        SH:  0    Dex: 17    Spells: 8/8 levels left

rFire    + . .     SeeInvis .   A - +1 hand axe (distort) {!w}
rCold    . . .     Gourm    .   (no shield)
rNeg     . . .     Faith    .   p - +0 chain mail
rPois    .         Spirit   .   c - +2 helmet
rElec    .         Reflect  .   (no cloak)
rCorr    .         Harm     .   b - +0 pair of gloves
MR       +....                  (no boots)
Stlth    ..........             (no amulet)
HPRegen  0.00/turn              v - ring of flight {+Fly, !d}
MPRegen  0.10/turn              r - ring of protection from fire {rF+, !d}

@: non-regenerating
A: damage resistance, heal wounds, sense surroundings 2, no regeneration
a: Heal Wounds, Evoke Flight


You were on level 7 of the Dungeon.
You were not hungry.

You visited 1 branch of the dungeon, and saw 7 of its levels.

You collected 349 gold pieces.

Inventory:

Hand Weapons
 a - a +0 war axe
 A - a +1 hand axe of distortion (weapon) {!w}
   (You took it off an orc on level 5 of the Dungeon)
Missiles
 d - 3 throwing nets {=f, !d}
Armour
 b - a +0 pair of gloves (worn)
   (You found it on level 4 of the Dungeon)
 c - a +2 helmet (worn)
 p - a +0 chain mail (worn)
   (You found it on level 2 of the Dungeon)
 D - a +1 ring mail of cold resistance
   (You found it on level 6 of the Dungeon)
Jewellery
 j - a +6 ring of intelligence
   (You found it on level 1 of the Dungeon)
 r - a ring of protection from fire (right hand) {rF+, !d}
   (You found it on level 2 of the Dungeon)
 t - an uncursed ring of protection from fire {rF+, !d}
   (You found it on level 2 of the Dungeon)
 v - a ring of flight (left hand) {+Fly, !d}
   (You found it on level 2 of the Dungeon)
Scrolls
 h - 2 scrolls of remove curse
 l - 3 scrolls of identify
 m - 3 scrolls of immolation {!r}
 q - a scroll of blinking {!r}
 s - a scroll of amnesia
 y - 3 scrolls of teleportation
Potions
 e - 2 potions of heal wounds
 i - a potion of might {unknown}
 k - 4 potions of brilliance
 n - a potion of invisibility {unknown}
 o - a potion of lignification {unknown}
 w - 2 potions of berserk rage {!q}
 x - a potion of resistance {unknown}
 z - a potion of haste {unknown}
 B - 2 potions of mutation {unknown}
Books
 g - a book of Callings
   (You found it on level 5 of the Dungeon)
 u - a book of Misfortune
   (You found it on level 2 of the Dungeon)
Comestibles
 f - 6 rations {@e1}


   Skills:
 + Level 5.1 Fighting
 * Level 9.0 Axes
 - Level 1.7 Throwing
 + Level 5.7 Armour
 + Level 6.7 Dodging


You had 8 spell levels left.
You didn't know any spells.

Dungeon Overview and Level Annotations

Branches:
Dungeon (7/15)
 Temple: D:4-7

Altars:
Sif Muna
Trog

Annotations:
D:4 exclusion: door


Innate Abilities, Weirdness & Mutations

You are resistant to damage.
You can heal yourself by infusing magical energy.
You passively map the area around you.
You do not regenerate.


Message History

You climb downwards.
There is a stone staircase leading up here.
You now have 341 gold pieces (gained 17).
A quokka and a zombie come into view.
Found a helmet.
Found a stone staircase leading down.
A worker ant and a phantom come into view.
The worker ant twitches its antennae in your direction.
The worker ant closely misses you.
You hit the worker ant.
The worker ant is devoured by a tear in reality.
Your chain mail prevents you from hitting the quokka.
The quokka barely misses you.
You slash the quokka!
You kill the quokka!
You barely miss the phantom.
The phantom hits you but does no damage.
You closely miss the phantom. The phantom hits you.
You take 3 damage, and have 66/81 hp.
You hit the phantom.
The phantom disappears!
The quokka zombie completely misses you.
You hit the quokka zombie.
The quokka zombie looks slightly unstable.
The quokka zombie bites you.
Your chain mail prevents you from hitting the quokka zombie.
The quokka zombie disappears!
No target in view!
No target in view!
You see here a helmet.
You now have 349 gold pieces (gained 8).
You open the door.
There is an open door here.
A big kobold comes into view.
The big kobold shouts!
You hear a shout!
A kobold comes into view.
You see here a wand of paralysis (7).
An iguana and a kobold come into view.
The kobold shouts!
The iguana hisses angrily.
You hear an angry hiss.
The kobold throws a stone.
The stone hits you but does no damage.
A kobold comes into view. It is wielding a trident.
You see here a stone.
A kobold comes into view.
The kobold shouts! x2; You hear a horrible gurgling sound!
A cyan ugly thing comes into view.
A kobold comes into view.
You hit the big kobold.
The big kobold disappears!
The kobold throws a stone.
The stone barely misses you. 2 kobolds come into view.
The kobold shouts!
The kobold throws a stone.
The stone hits you but does no damage.
An iguana, a worker ant and a skeleton come into view.
The iguana hisses angrily.
The kobold closely misses you. x2
You hit the kobold but do no damage.
Space warps horribly around the kobold!
You kill the kobold!
The kobold hits you but does no damage.
A leopard gecko comes into view.
The kobold hits you but does no damage.
You see here 3 stones.
You hit the cyan ugly thing but do no damage.
Space warps horribly around the cyan ugly thing!
You hit the kobold.
You kill the kobold!
The cyan ugly thing closely misses you.
You closely miss the cyan ugly thing. You hit the iguana.
Space bends around the iguana.
The worker ant waves its antennae.
The iguana bites you but does no damage.
The cyan ugly thing pecks you but does no damage.
You hit the iguana. You hit the cyan ugly thing.
Space bends around the cyan ugly thing.
The iguana disappears!
The cyan ugly thing pecks you. The cyan ugly thing shocks you!
You take 14 damage, and have 52/81 hp.
You hit the cyan ugly thing but do no damage.
Space warps horribly around the cyan ugly thing!
You hit the kobold.
You kill the kobold!
The kobold throws a stone.
The stone barely misses you.
You hit the cyan ugly thing.
Space warps horribly around the cyan ugly thing!
You miss the kobold. The cyan ugly thing pecks you!
The cyan ugly thing shocks you!
You take 20 damage, and have 32/81 hp.
MASSIVE DAMAGE!!
You barely miss the cyan ugly thing. You hit the kobold.
Space bends around the kobold.
You kill the kobold!
The kobold throws a stone.
The stone closely misses you. The cyan ugly thing pecks you!
* * * LOW HITPOINT WARNING * * *
The cyan ugly thing shocks you!
* * * LOW HITPOINT WARNING * * *
You take 23 damage, and have 9/81 hp.
MASSIVE DAMAGE!!
You slash the cyan ugly thing!
Space bends around the cyan ugly thing.
You hit the kobold.
You kill the kobold!
The kobold throws a stone.
The stone misses you. The cyan ugly thing pecks you!
* * * LOW HITPOINT WARNING * * *
The cyan ugly thing shocks you!
You die...

, , * .....##...#
* * ...#..#... ,*
** * ,
............ , ,,
, .........,..# ,
*** * **#.....l.
..#* * ##...ZKa#
#.# #...Klu)# #.#
, * * , , #@###.#
, , ,
#(.##.############
* * ,,
##(##.............
* *
#(##.############
#/.#.# ###'#.## *
, #......# *
#...[..# ,*
#......#


You could see a cyan ugly thing, an iguana, a worker ant, a leopard gecko, 2
kobolds and a hound skeleton.

Vanquished Creatures
  The ghost of slep the Carver, a novice BaGl of Okawaru (D:6)
  The ghost of aubilenon the Shield-Bearer, an amateur GrFi (D:3)
  An ice beast (D:5)
  2 ogres (D:4)
  A centaur (D:5)
  4 bullfrogs (D:6)
  A bullfrog zombie (D:5)
  A crimson imp (D:5)
  2 orc priests
  A centaur zombie (D:6)
  A jelly (D:6)
  A hound (D:6)
  5 orc wizards
  2 iguanas
  Terence (D:2)
  3 worker ants
  A hound skeleton (D:6)
  A gnoll (D:6)
  13 adders
  An ooze (D:1)
  2 dart slugs
  4 leopard geckos
  10 orcs
  11 giant cockroaches
  5 goblins
  10 hobgoblins
  11 jackals
  3 quokkas
  7 bats
  5 frilled lizards
  A jackal skeleton (D:4)
  A jackal zombie (D:5)
  15 kobolds
  A leopard gecko skeleton (D:4)
  A quokka skeleton (D:5)
  4 rats
135 creatures vanquished.

Vanquished Creatures (others)
  2 centaurs (D:6)
  A bullfrog skeleton (D:5)
  A worker ant (D:7)
  2 gnolls (D:6)
  An orc (D:6)
7 creatures vanquished.

Grand Total: 142 creatures vanquished

Notes
Turn   | Place    | Note
-------+----------+-------------------------------------------
     0 | D:1      | Firecrotchwizard the Deep Dwarf Gladiator began the quest for the Orb.
     0 | D:1      | Reached XP level 1. HP: 19/19 MP: 1/1
   191 | D:1      | Reached XP level 2. HP: 24/26 MP: 2/2
   246 | D:1      | Reached skill level 2 in Fighting
   415 | D:1      | Reached skill level 1 in Armour
   874 | D:2      | Reached XP level 3. HP: 27/32 MP: 3/3
   895 | D:2      | Reached skill level 4 in Axes
  1057 | D:2      | Reached XP level 4. HP: 34/40 MP: 4/4
  1163 | D:2      | Noticed Terence
  1177 | D:2      | Killed Terence
  1177 | D:2      | Reached skill level 4 in Dodging
  1242 | D:2      | Reached skill level 2 in Armour
  1429 | D:3      | Noticed aubilenon's ghost (amateur GrFi)
  1453 | D:3      | HP: 3/40 [aubilenon's ghost (11)]
  1458 | D:3      | Killed aubilenon's ghost
  1458 | D:3      | Reached skill level 3 in Fighting
  1458 | D:3      | Reached skill level 5 in Axes
  1458 | D:3      | Reached XP level 5. HP: 4/49 MP: 5/5
  1458 | D:3      | Reached XP level 6. HP: 5/56 MP: 6/6
  2072 | D:4      | Found a deep blue altar of Sif Muna.
  2157 | D:4      | Reached skill level 3 in Armour
  2354 | D:4      | Reached skill level 6 in Axes
  2354 | D:4      | Reached XP level 7. HP: 24/62 MP: 7/7
  2622 | D:5      | Entered Level 5 of the Dungeon
  2628 | D:5      | Reached skill level 5 in Dodging
  2911 | D:5      | Reached skill level 4 in Fighting
  2911 | D:5      | Reached skill level 7 in Axes
  2911 | D:5      | Reached skill level 4 in Armour
  3282 | D:5      | Reached XP level 8. HP: 41/72 MP: 7/7
  3847 | D:6      | Noticed slep's ghost (novice BaGl)
  3884 | D:6      | Killed slep's ghost
  3884 | D:6      | Reached skill level 8 in Axes
  3884 | D:6      | Reached skill level 5 in Armour
  3884 | D:6      | Reached skill level 6 in Dodging
  4052 | D:6      | Reached skill level 5 in Fighting
  4078 | D:6      | Found a bloodstained altar of Trog.
  4129 | D:6      | Gained mutation: You passively map the area around you. [Deep Dwarf growth]
  4129 | D:6      | Reached XP level 9. HP: 46/81 MP: 8/8
  4554 | D:6      | Reached skill level 9 in Axes
  4906 | D:7      | Noticed a cyan ugly thing
  4917 | D:7      | HP: 9/81 [cyan ugly thing (12)]
  4918 | D:7      | HP: 4/81 [cyan ugly thing (5)]
  4918 | D:7      | Mangled by a cyan ugly thing

Vault maps used:
D:1:      erik_arrival_triangle_small
D:2:      serial_glass, glass_columns_c, glass_columns_a, uniq_terence
D:3:      minmay_unequal
D:4:      led_sif_book
D:5:      first_ration
D:6:      bloody_trog
D:7:      minmay_temple_entry_trees

Skill      XL: |  1  2  3  4  5  6  7  8  9 |
---------------+----------------------------+-----
Fighting       | 2 3 4 5 |  5.1
Armour         | 1 2 3 4 5 |  5.7
Axes           | 4 5 6 7 8 9 |  9.0
Dodging        | 4 5 6 |  6.7
Throwing       | |  1.7

Action                   |  1- 3 |  4- 6 |  7- 9 || total
-------------------------+-------+-------+-------++-------
Melee: War axe           |    96 |   181 |    49 ||   326
       Hand axe          |       |       |   197 ||   197
 Abil: Heal Wounds       |       |     4 |     6 ||    10
  Use: Scroll            |       |     5 |     8 ||    13
  Eat: Chunk             |     1 |     4 |     5 ||    10
       Ration            |       |       |     1 ||     1
Armor: Leather armour    |    23 |       |       ||    23
       Chain mail        |    28 |   140 |   111 ||   279
Dodge: Dodged            |    76 |   112 |   119 ||   307

Table legend:
 A = Spawn XP
 B = Non-spawn XP
 C = Spawn XP percentage of total XP
 D = Spawn monster count
 E = Non-spawn monster count
 F = Spawn count percentage of total count
 G = Total turns spent on level
                    A         B        C        D         E        F      G
               +---------+---------+-------+---------+---------+-------+---------
         Total |       0 |    3066 |   0.0 |       0 |     142 |   0.0 |  4918
               +---------+---------+-------+---------+---------+-------+---------
           D:1 |       0 |      39 |   0.0 |       0 |      20 |   0.0 |   869
           D:2 |       0 |     137 |   0.0 |       0 |      25 |   0.0 |   530
           D:3 |       0 |     309 |   0.0 |       0 |      23 |   0.0 |   673
           D:4 |       0 |     370 |   0.0 |       0 |      13 |   0.0 |   550
           D:5 |       0 |     733 |   0.0 |       0 |      32 |   0.0 |  1169
           D:6 |       0 |    1450 |   0.0 |       0 |      22 |   0.0 |  1072
           D:7 |       0 |      28 |   0.0 |       0 |       7 |   0.0 |    55
               +---------+---------+-------+---------+---------+-------+---------

Vault maps used:
D:1:      erik_arrival_triangle_small
D:2:      serial_glass, glass_columns_c, glass_columns_a, uniq_terence
D:3:      minmay_unequal
D:4:      led_sif_book
D:5:      first_ration
D:6:      bloody_trog
D:7:      minmay_temple_entry_trees

Table legend:
 A = Turns spent in this place as a percentage of turns spent in the entire game.
 B = Non-inter-level travel turns spent in this place as a percentage of non-inter-level travel turns spent in the entire game.
 C = Inter-level travel turns spent in this place as a percentage of turns spent in this place.
 D = Turns resting spent in this place as a percentage of non-inter-level travel turns spent in this place.
 E = Turns spent auto-exploring this place as a percentage of non-inter-level travel turns spent in this place.
 F = Non-inter-level travel turns spent in this place divided by the number of levels of this place that you've seen.
                   A       B       C       D       E      F
               +-------+-------+-------+-------+-------+----------------------
         Total | 100.0 | 100.0 |   4.4 |   6.8 |  71.0 | 671.7
       Dungeon | 100.0 | 100.0 |   4.4 |   6.8 |  71.0 | 671.7
               +-------+-------+-------+-------+-------+----------------------

Table legend:
 A = Kills in this place as a percentage of kills in entire the game.
 B = Kills by you in this place as a percentage of kills by you in the entire game.
 C = Kills by friends in this place as a percentage of kills by friends in the entire game.
 D = Other kills in this place as a percentage of other kills in the entire game.
 E = Experience gained in this place as a percentage of experience gained in the entire game.
 F = Experience gained in this place divided by the number of levels of this place that you have seen.
                   A       B       C       D       E      F
               +-------+-------+-------+-------+-------+----------------------
         Total | 100.0 | 100.0 |   N/A | 100.0 | 100.0 | 438.0
       Dungeon | 100.0 | 100.0 |   N/A | 100.0 | 100.0 | 438.0
               +-------+-------+-------+-------+-------+----------------------
